[Event "34rd NATO Championship 2024"]
[Site "Rhodes"]
[Date "2024.10.24"]
[Round "5.40"]
[White "Ulusoy, Mustafa"]
[Black "Tucker, David S"]
[Result "1/2-1/2"]
[ECO "E61"]
[WhiteElo "1785"]
[BlackElo "1921"]
[Annotator "RC"]
[PlyCount "44"]
[EventDate "2024.09.18"]
[EventType "swiss"]
[EventCountry "GRE"]
[SourceTitle "playchess.com"]
[Source "ChessBase"]
[SourceQuality "1"]
[TimeControl "5400+30"]

1. d4 c5 2. Nf3 Nf6 3. e3 g6 4. c4 Bg7 5. Nc3 O-O 6. Be2 b6 7. O-O Bb7 8. d5 d6 9. Re1 Nbd7 10. Nd2 Re8 11. Nde4 a6 12. Qc2 Qc7 13. Bd2 e6 14. Nxf6+ Nxf6 15. e4 exd5 16. exd5 Re7 17. Bd3 Rae8 18. Rxe7 Rxe7 19. Re1 Rxe1+ 20. Bxe1 Qe7 21. Qe2 Qd7 22. f3 Kf8 1/2-1/2

[Event "34rd NATO Championship 2024"]
[Site "Rhodes"]
[Date "2024.10.24"]
[Round "5.41"]
[White "O`Byrne, Daniel"]
[Black "Skaburskis, Martynas"]
[Result "1/2-1/2"]
[ECO "B13"]
[WhiteElo "1748"]
[BlackElo "1893"]
[Annotator "NA COMBH"]
[PlyCount "65"]
[EventDate "2024.09.18"]
[EventType "swiss"]
[EventCountry "GRE"]
[SourceTitle "playchess.com"]
[Source "ChessBase"]
[SourceQuality "1"]
[TimeControl "5400+30"]

1. e4 c6 2. Nc3 d5 3. exd5 cxd5 4. Nf3 Nc6 5. d4 Bg4 6. Be2 Nf6 7. O-O e6 8. Bf4 Bxf3 9. Bxf3 Bd6 10. Bxd6 Qxd6 11. Re1 O-O 12. a3 a6 13. Qd2 Ne7 14. h3 Rac8 15. Rad1 Qb6 16. Rb1 Rc4 17. Ne2 Ng6 18. c3 Qd6 19. Qg5 h6 20. Qe3 Nh4 21. g3 Nxf3+ 22. Qxf3 Ne4 23. Qd3 b5 24. Kg2 Qe7 25. Nf4 Qg5 26. Rbd1 Qf5 27. f3 Nd6 28. Qd2 Rc6 29. Re5 Nc4 30. Rxf5 Nxd2 31. Re5 Nc4 32. Re2 Rb8 {[%emt 0:02:51] Check Result:0.00} 33. Nd3 1/2-1/2

[Event "34rd NATO Championship 2024"]
[Site "Rhodes"]
[Date "2024.10.24"]
[Round "5.42"]
[White "Dowd, Patrick"]
[Black "Huidiu, Vasile-Cristian"]
[Result "1/2-1/2"]
[ECO "D02"]
[WhiteElo "1885"]
[BlackElo "1729"]
[Annotator "NA COMBH"]
[PlyCount "49"]
[EventDate "2024.09.18"]
[EventType "swiss"]
[EventCountry "GRE"]
[SourceTitle "playchess.com"]
[Source "ChessBase"]
[SourceQuality "1"]
[TimeControl "5400+30"]

1. d4 Nf6 2. Bf4 e6 3. e3 c5 4. c3 Nc6 5. Nf3 d5 6. Nbd2 Qb6 7. Qb3 c4 8. Qc2 Nh5 9. b3 Nxf4 10. exf4 cxb3 11. axb3 Bd6 12. Ne5 f6 13. Nxc6 bxc6 14. g3 a5 15. b4 Bb7 16. bxa5 Rxa5 17. Rb1 Qa7 18. Qb2 Ba6 19. Qb6 Qxb6 20. Rxb6 Ra1+ 21. Rb1 Rxb1+ 22. Nxb1 Bxf1 23. Rxf1 c5 24. Ke2 Kd7 {[%emt 0:06:46] Check Result:-0.52} 25. Nd2 1/2-1/2

[Event "34rd NATO Championship 2024"]
[Site "Rhodes"]
[Date "2024.10.24"]
[Round "5.43"]
[White "Hater, Andrew"]
[Black "Sherpa, Ngadi"]
[Result "1-0"]
[ECO "B11"]
[WhiteElo "1767"]
[BlackElo "1882"]
[Annotator "NA COMBH"]
[PlyCount "107"]
[EventDate "2024.09.18"]
[EventType "swiss"]
[EventCountry "GRE"]
[SourceTitle "playchess.com"]
[Source "ChessBase"]
[SourceQuality "1"]
[TimeControl "5400+30"]

1. e4 c6 2. Nf3 d5 3. Nc3 dxe4 4. Nxe4 Bg4 5. h3 Bh5 6. Ng3 Bxf3 7. Qxf3 g6 8. Bc4 Nf6 9. Qb3 e6 10. Qxb7 Nbd7 11. Qxc6 Rc8 12. Qa4 Bd6 13. Bb5 O-O 14. Bxd7 Nxd7 15. Ne4 Be7 16. c3 Ne5 17. d4 Nd3+ 18. Ke2 Nxc1+ 19. Rhxc1 Qd5 20. f3 f5 21. Nf2 e5 22. Qb3 Rc4 23. Nd3 exd4 24. cxd4 Rxd4 25. Qxd5+ Rxd5 26. Rd1 Re8 27. Kf1 Bf6 28. Rab1 Red8 29. Ke2 a5 30. b3 g5 31. f4 Re8+ 32. Kf3 h6 33. Nf2 Rc5 34. Rbc1 Rxc1 35. Rxc1 Bd4 36. fxg5 hxg5 37. Nd1 Re1 38. g3 Kf7 39. a3 Ke6 40. b4 axb4 41. axb4 Kd6 42. b5 Kd7 43. h4 gxh4 44. gxh4 Rh1 45. Kf4 Be3+ 46. Kxe3 Rxh4 47. Nc3 Kc7 48. Rf1 f4+ 49. Rxf4 Rh5 50. Kd4 Kb7 51. Nd5 Rh1 52. Rf7+ Kb8 53. Kc5 Rh6 {[%emt 0:00:00] Check Result:#8} 54. Nf6 1-0

[Event "34rd NATO Championship 2024"]
[Site "Rhodes"]
[Date "2024.10.24"]
[Round "5.44"]
[White "Steen, Kris"]
[Black "Kries, Yvon"]
[Result "1/2-1/2"]
[ECO "A01"]
[WhiteElo "1876"]
[BlackElo "1765"]
[Annotator "NA COMBH"]
[PlyCount "45"]
[EventDate "2024.09.18"]
[EventType "swiss"]
[EventCountry "GRE"]
[SourceTitle "playchess.com"]
[Source "ChessBase"]
[SourceQuality "1"]
[TimeControl "5400+30"]

1. b3 e5 2. Bb2 f6 3. e3 Ne7 4. Qh5+ g6 5. Qd1 d6 6. g3 Bg7 7. c4 Bd7 8. Bg2 Bc6 9. Nf3 Nd7 10. O-O O-O 11. d3 Nc5 12. Qc2 Qc8 13. Nbd2 Bd7 14. d4 Ne6 15. Rad1 Nd8 16. h4 Bh3 17. d5 Bxg2 18. Kxg2 Nf7 19. e4 h5 20. Bc1 Qd7 21. Nb1 Rac8 22. Nc3 Bh6 {[%emt 0:01:24] Check Result:0.64} 23. Bxh6 1/2-1/2

[Event "34rd NATO Championship 2024"]
[Site "Rhodes"]
[Date "2024.10.24"]
[Round "5.45"]
[White "Stikane, Evelina"]
[Black "Smit, Jan"]
[Result "1-0"]
[ECO "B08"]
[WhiteElo "1583"]
[BlackElo "1866"]
[Annotator "NA COMBH"]
[PlyCount "93"]
[EventDate "2024.09.18"]
[EventType "swiss"]
[EventCountry "GRE"]
[SourceTitle "playchess.com"]
[Source "ChessBase"]
[SourceQuality "1"]
[TimeControl "5400+30"]

1. d4 g6 2. Nc3 Bg7 3. e4 d6 4. Nf3 Nf6 5. Be2 c6 6. a4 a5 7. O-O Qc7 8. h3 Nbd7 9. Re1 e5 10. dxe5 dxe5 11. Bc4 h6 12. Be3 O-O 13. Qd2 Kh7 14. Rad1 Ne8 15. Nh4 Qd8 16. g3 Qe7 17. Kh2 Qb4 18. Bb3 Nc5 19. Ba2 Be6 20. Bxe6 Nxe6 21. b3 Nf6 22. Re2 Rad8 23. Qe1 Rxd1 24. Nxd1 Qxe1 25. Rxe1 Nd4 26. Bxd4 exd4 27. e5 Re8 28. f4 Nd5 29. Nf3 c5 30. Nd2 Re6 31. Nc4 b6 32. h4 f6 33. Kg2 f5 34. Kf3 g5 35. hxg5 hxg5 36. fxg5 Kg6 37. Nf2 Nb4 38. Nh3 Kf7 39. Nf4 Re7 40. Re2 Nc6 41. e6+ Ke8 42. Nd6+ Kd8 43. Nf7+ Kc8 44. Ng6 Kb7 45. Nxe7 Nxe7 46. Nd6+ Kc6 {[%emt 0:00:26] Check Result:10.79} 47. Nxf5 1-0

[Event "34rd NATO Championship 2024"]
[Site "Rhodes"]
[Date "2024.10.24"]
[Round "5.47"]
[White "Steffers, Hendrik"]
[Black "Hart, David P O"]
[Result "1-0"]
[ECO "D05"]
[WhiteElo "1882"]
[BlackElo "2003"]
[Annotator "RC"]
[PlyCount "57"]
[EventDate "2024.09.18"]
[EventType "swiss"]
[EventCountry "GRE"]
[SourceTitle "playchess.com"]
[Source "ChessBase"]
[SourceQuality "1"]
[TimeControl "5400+30"]

1. d4 d5 2. Nf3 e6 3. e3 Nf6 4. Bd3 Be7 5. O-O Nbd7 6. b3 c5 7. Bb2 b6 8. Nbd2 Bb7 9. Ne5 Rc8 10. c4 Nxe5 11. dxe5 Nd7 12. cxd5 Bxd5 13. f4 g6 14. e4 Ba8 15. f5 Nf8 16. Bb5+ Nd7 17. fxe6 fxe6 18. Qf3 Rf8 19. Qh3 Bc6 20. Ba6 Ra8 21. Qxe6 Qc7 22. Nc4 Kd8 23. Nd6 Rb8 24. Nb5 Bxb5 25. Bxb5 Rxf1+ 26. Rxf1 c4 27. Rd1 Qc5+ 28. Kh1 Qxb5 29. a4 1-0

[Event "34rd NATO Championship 2024"]
[Site "Rhodes"]
[Date "2024.10.24"]
[Round "5.48"]
[White "Bouchard, Pier-Alex"]
[Black "Bublys, Vaidotas"]
[Result "1/2-1/2"]
[ECO "D02"]
[WhiteElo "1818"]
[BlackElo "1872"]
[Annotator "NA COMBH"]
[PlyCount "40"]
[EventDate "2024.09.18"]
[EventType "swiss"]
[EventCountry "GRE"]
[SourceTitle "playchess.com"]
[Source "ChessBase"]
[SourceQuality "1"]
[TimeControl "5400+30"]

1. Nf3 c5 2. g3 Nc6 3. Bg2 Nf6 4. d4 e6 5. O-O d5 6. Nc3 a6 7. Re1 Rb8 8. e4 dxe4 9. Nxe4 Nxd4 10. Bg5 Be7 11. Bxf6 Bxf6 12. Nxc5 Nxf3+ 13. Bxf3 Qxd1 14. Rexd1 O-O 15. Nd7 Bxd7 16. Rxd7 b6 17. c3 Rfd8 18. Rad1 Rxd7 19. Rxd7 Kf8 20. Kf1 {[%emt 0:00:23] Check Result:0.00} Bg5 1/2-1/2